Selects Italian Combined Arms Battlegroup
Selects Italian Combined Arms Battlegroup
Selects Bersaglieri Squad
Selects Bersaglieri Bolster
Construct Light Support Kompanie
Selects Breda Model 30 Light Machine Guns
Selects Breda Model 30 Light Machine Guns
Selects Semovente da 75/18 Assault Gun
Construct Panzerarmee Kommand
Walking Stuka Rocket Launcher
Walking Stuka Rocket Launcher
Walking Stuka Rocket Launcher
Walking Stuka Rocket Launcher
Walking Stuka Rocket Launcher